 Dungeon Crawl Stone Soup version 0.32-a0-931-g5a2cda0630 (webtiles) character file.

Game seed: 8881674253625786936

1754 GiantSquids the Mimic (level 9, -18/81 HPs)
             Began as an Octopode Shapeshifter on Apr 14, 2024.
             Was a Believer of Trog.
             Killed from afar by Maggie (26 damage)
             ... with a bolt of fire
             ... on level 6 of the Dungeon.
             The game lasted 00:17:58 (5231 turns).

GiantSquids the Mimic (Octopode Shapeshifter)       Turns: 5231, Time: 00:17:59

Health: -18/81     AC:  1    Str: 18    XL:     9   Next: 6%
Magic:  9/9        EV: 13    Int: 12    God:    Trog [**....]
Gold:   295        SH:  0    Dex: 17    Spells: 8/8 levels left

rFire   . . .        l - +2 dagger (venom)
rCold   . . .        (no shield)
rNeg    . . .        (helmet currently unavailable)
rPois   +            D - amulet of regeneration
rElec   .            i - +6 ring of dexterity
rCorr   .            A - ring of poison resistance
SInv    .            (no ring)
Will    .....        (no ring) Stlth
                     (no ring)
HPRegen 1.13/turn    (no ring)
MPRegen 0.11/turn    (no ring)
                     (no ring)

%: no passive effects
@: berserking, beast-form, slowed
A: beast (slay +4), almost no armour, amphibious, 8 rings, camouflage 1,
gelatinous body 1, (nimble swimmer 1), tentacles
a: Begin Untransformation, Renounce Religion, Berserk, Trog's Hand


You were on level 6 of the Dungeon.
You worshipped Trog.
Trog was pleased with you.
You were a hulking beast.
You visited 2 branches of the dungeon, and saw 7 of its levels.

You collected 295 gold pieces.

Inventory:

Hand Weapons
 l - a +2 dagger of venom (weapon)
Missiles
 p - 2 javelins
 r - 2 poisoned darts
 v - 25 stones
 x - 5 boomerangs (quivered)
 F - 2 throwing nets
 I - 3 silver javelins
Jewellery
 i - a +6 ring of dexterity (left tentacle)
 z - an amulet of guardian spirit
 A - a ring of poison resistance (right tentacle)
 C - a ring of ice
 D - an amulet of regeneration (around mantle)
 G - a +6 ring of intelligence
Talismans
 b - a beast talisman (active)
 c - a flux talisman
 K - a blade talisman
Wands
 J - a wand of charming (12)
Scrolls
 f - a scroll of acquirement {unknown}
 g - a scroll of enchant weapon {unknown}
 h - a scroll of teleportation
 j - a scroll of fog
 k - a scroll of amnesia
 n - a scroll of blinking
 q - a scroll of fear
 s - a scroll of vulnerability {unknown}
 t - a scroll of immolation {unknown}
 y - a scroll of revelation {unknown}
Potions
 d - 4 potions of mutation
 e - 4 potions of curing
 m - 3 potions of brilliance
 o - 2 potions of magic {unknown}
 u - 2 potions of invisibility {unknown}
 w - 2 potions of enlightenment {unknown}
 B - 2 potions of heal wounds {unknown}
 E - a potion of attraction {unknown}
 H - a potion of cancellation {unknown}


   Skills:
 + Level 2.3 Fighting
 + Level 2.8 Dodging
 + Level 7.6 Stealth
 + Level 4.3 Unarmed Combat
 * Level 8.7 Shapeshifting


You had 8 spell levels left.
You didn't know any spells.
Your spell library contained the following spells:

 Spells                   Type           Power      Damage    Failure   Level
 Foxfire                  Conj/Fire      0%         2x1d4     32%         1
 Plasma Beam              Fire/Air       0%         2x1d10    100%        6
 Sculpt Simulacrum        Ice/Alch       0%         N/A       100%        6
 Starburst                Conj/Fire      0%         6d3       100%        6
 Ozocubu's Refrigeration  Ice            0%         4d7       100%        7
 Polar Vortex             Ice            0%         N/A       100%        9


Dungeon Overview and Level Annotations

Branches:
Dungeon (6/15)             Temple (1/1) D:4

Altars:
Ashenzari
Dithmenos
Fedhas
Kikubaaqudgha
Makhleb
Nemelex Xobeh
Ru
Sif Muna
Trog
Uskayaw
Vehumet
Wu Jian
Xom
Yredelemnul
The Shining One

Shops:
D:6 :

Annotations:
D:2 1 runed translucent door, Crazy Yiuf
D:6 Maggie


Innate Abilities, Weirdness & Mutations

You are a hulking beast.
Your limbs bulge with bestial killing power. (Slay +4)
You cannot wear most types of armour.
You are amphibious.
You can wear up to eight rings at the same time.
Your skin changes colour to match your surroundings (Stealth+).
Your rubbery body absorbs attacks. (AC +1, EV +1)
((You are camouflaged when in or above water. (Stealth+)))
You have tentacles for arms and can constrict up to eight enemies at once.


Message History

You are no longer poisoned.
The kobold brigand barely misses you. The kobold completely misses you.
The kobold brigand hits you with a +0 club.
The kobold hits you with a +0 short sword.
Maggie closely misses you.
You hit the kobold brigand but do no damage.
The kobold brigand is poisoned.
You grab the kobold brigand. You squeeze the kobold brigand!
The kobold brigand is almost dead.
You constrict the kobold brigand.
You kill the kobold brigand!
Trog accepts your kill. The kobold closely misses you.
The kobold hits you with a +0 club.
Maggie hits you from afar with a +2 glaive of flaming!
Maggie burns you.
Unknown command.
A red film seems to cover your vision as you go berserk!
You feel yourself moving faster!
You feel mighty! The kobold closely misses you. The kobold misses you.
Maggie misses you. The kobold barely misses you.
Maggie casts a spell.
The kobold closely misses you.
You completely miss the kobold. You grab the kobold. You squeeze the kobold.
You kill the kobold!
Trog accepts your kill. Maggie gestures at you while chanting.
The bolt of fire misses you. The kobold closely misses you.
A kobold comes into view. It is wielding a +0 dagger.
The kobold shouts!
You closely miss the kobold. Your grab misses the kobold.
Maggie hits you from afar with a +2 glaive of flaming!!
* * * LOW HITPOINT WARNING * * *
Maggie burns you.
* * * LOW HITPOINT WARNING * * *
The kobold hits you with a +0 club.
* * * LOW HITPOINT WARNING * * *
Found two human corpses.
Maggie gestures at you while chanting. The bolt of fire hits you!!
You die...

.. #...### ..
#...P.### P....
#..P.♣.P# .....
#..#♣..P♣## ......
##.#.PP).P# ...K..
##.###♣♣..♣♣♣.)....
#..# #...)...))...
#..♣ ##.♣)K......†
#..♣ ##♣♣h.)†.§§.
######..##
#.@)).§§.
#....##..#
♣...)†÷..
#....###.#
....)..†† #....#
#.# .♣.))....
#....# #.# ##
....... #....###.#
P...... .....##..#
♣♣..... .....#..##


You could see Maggie (poisoned) and 2 kobolds.

Vanquished Creatures
  Eustachio (D:5)
  A water moccasin (D:6)
  An orc warrior (D:6)
  3 phantoms
  A kobold brigand (D:6)
  Blork the orc (D:5)
  A bullfrog (D:6)
  A scorpion (D:3)
  A vampire bat (D:4)
  A bullfrog zombie (D:4)
  A bombardier beetle (D:3)
  2 orc priests
  2 hounds (D:4)
  A bullfrog skeleton (D:4)
  Jessica (D:2)
  A human zombie (D:4)
  4 iguanas
  2 sleepcaps (D:4)
  Natasha (thrice) (D:2)
  2 scorpion zombies (D:4)
  2 hound skeletons (D:4)
  A howler monkey zombie (D:4)
  Robin (D:2)
  7 adders
  A shadow imp (D:4)
  A white imp (D:6)
  2 ufetubi (D:4)
  An adder zombie (D:4)
  4 dart slugs
  3 fire bats (D:4)
  A ribbon worm (D:5)
  13 orcs
  A spectral bat (D:4)
  3 bat skeletons (D:4)
  A bat zombie (D:4)
  6 endoplasms
  5 giant cockroaches
  15 goblins
  6 hobgoblins
  3 jackals (D:1)
  2 quokkas
  3 ball pythons
  14 bats
  A bat simulacrum (D:4)
  2 frilled lizards
  29 kobolds
  5 rats
164 creatures vanquished.

Vanquished Creatures (others)
  A spectral bat (D:4)
1 creature vanquished.

Grand Total: 165 creatures vanquished

Notes
Turn   | Place    | Note
-------+----------+-------------------------------------------
     0 | D:1      | GiantSquids the Octopode Shapeshifter began the quest for
                  | the Orb.
     0 | D:1      | Reached XP level 1. HP: 13/13 MP: 1/1
   138 | D:1      | Reached XP level 2. HP: 18/18 MP: 2/2
   542 | D:1      | Reached XP level 3. HP: 22/23 MP: 3/3
   609 | D:1      | Found a faded altar of an unknown god.
  1119 | D:2      | Identified the +0 robe "Ere Cies" {rC+ Archmagi}
  1119 | D:2      | Noticed Jessica
  1125 | D:2      | Killed Jessica
  1126 | D:2      | Reached skill level 4 in Shapeshifting
  1126 | D:2      | Reached XP level 4. HP: 28/28 MP: 4/4
  1565 | D:2      | Noticed Robin
  1576 | D:2      | Killed Robin
  1789 | D:2      | Noticed Natasha
  1795 | D:2      | Killed Natasha
  1796 | D:2      | Reached XP level 5. HP: 33/33 MP: 5/5
  1808 | D:2      | Noticed Natasha
  1813 | D:2      | Killed Natasha
  1814 | D:2      | Reached skill level 5 in Shapeshifting
  1822 | D:2      | Noticed Natasha
  1828 | D:2      | Killed Natasha
  1952 | D:2      | Found a runed translucent door.
  1955 | D:2      | Noticed Crazy Yiuf
  2114 | D:3      | Reached XP level 6. HP: 36/38 MP: 6/6
  2148 | D:3      | Found a broken altar of Ashenzari.
  2381 | D:3      | Reached skill level 1 in Stealth
  2381 | D:3      | Reached skill level 6 in Shapeshifting
  2740 | D:4      | Identified the +3 ring mail "Duyfeini" {Regen+ Int+3}
  2904 | D:4      | Found a staircase to the Ecumenical Temple.
  2924 | Temple   | Entered the Ecumenical Temple
  2948 | Temple   | Became a worshipper of Trog the Wrathful
  2994 | D:4      | Found a shimmering blue altar of Sif Muna.
  3069 | D:4      | Found an ancient bone altar of Kikubaaqudgha.
  3120 | D:4      | Reached XP level 7. HP: 9/43 MP: 3/7
  3436 | D:4      | Reached skill level 5 in Stealth
  3620 | D:4      | Reached skill level 7 in Shapeshifting
  4067 | D:4      | Reached * piety under Trog
  4084 | D:4      | Reached XP level 8. HP: 48/48 MP: 8/8
  4273 | D:5      | Entered Level 5 of the Dungeon
  4302 | D:5      | Noticed Eustachio
  4343 | D:5      | Killed Eustachio
  4380 | D:5      | Noticed Blork the orc
  4385 | D:5      | Killed Blork the orc
  4511 | D:5      | Found a shimmering altar of Xom.
  4565 | D:5      | Reached skill level 8 in Shapeshifting
  4681 | D:5      | Found a glowing golden altar of the Shining One.
  4900 | D:6      | Found Fycydie's Self-Published Books.
  5157 | D:6      | Reached ** piety under Trog
  5158 | D:6      | Reached XP level 9. HP: 54/54 MP: 9/9
  5202 | D:6      | Noticed Maggie
  5231 | D:6      | Killed from afar by Maggie

Illustrated notes

Levels and vault maps discovered:
D:1:      minmay_arrival_split_and_join, layout_basic,
          shapermc_ecumenical_altar_venn
D:2:      layout_basic, chequers_avenue, kennysheep_generic_room_8,
          uniq_crazy_yiuf_cottage, uniq_natasha, uniq_jessica, uniq_robin
D:3:      layout_rooms, mainiacjoe_overflow_six_doors_small,
          minmay_joined_circles
D:4:      layout_loops_corners, mainiacjoe_overflow_brackets,
          lemuel_mausoleum_altar_kikubaaqudgha, minmay_temple_entry_mini_moons,
          goddamned_bats
D:5:      nicolae_cairo_tiling_large_dashed, layout_rooms, xom_redecorated,
          lemuel_round_altar, uniq_blork_the_orc, uniq_eustachio
D:6:      kennysheep_kobold_camp, layout_basic, nicolae_custom_books,
          uniq_maggie
Temple:   eino_wide_crystal_templ

Skill      XL: |  1  2  3  4  5  6  7  8 |
---------------+-------------------------+-----
Shapeshifting  | 4 5 6 7 8 |  8.7
Stealth        | 3 6 7 |  7.6
Unarmed Combat | 4 |  4.3
Fighting       | 2 |  2.3
Dodging        | |  2.8

Action                     |  1- 3 |  4- 6 |  7- 9 || total
---------------------------+-------+-------+-------++-------
  Melee: Unarmed           |    23 |       |       ||    23
         Constrict         |    13 |    21 |    38 ||    72
         Dagger            |    25 |   129 |   118 ||   272
         Tentacles         |     7 |    11 |    37 ||    55
  Throw: Stone             |       |       |    20 ||    20
         Boomerang         |       |       |    12 ||    12
 Invoke: Berserk           |       |       |     1 ||     1
    Use: Potion            |       |     1 |       ||     1
         Scroll            |       |       |    12 ||    12
   Stab: Sleeping          |     6 |     8 |    22 ||    36
         Fleeing           |       |       |     1 ||     1
 Armour: Skin              |    17 |    66 |    81 ||   164
  Dodge: Dodged            |    15 |    49 |    77 ||   141

Table legend: (Time is in decaauts)
 A = Elapsed time spent in this place.
 B = Non-inter-level travel time spent in this place.
 C = Inter-level travel time spent in this place.
 D = Time resting spent in this place.
 E = Time spent auto-exploring this place.
 F = Levels seen in this place.
 G = Mean time per level.
                   A        B        C        D        E       F      G
               +--------+--------+--------+--------+--------+-----+--------+
         Total |   5245 |   5024 |    221 |    321 |   3493 |   7 |  749.3 |
       Dungeon |   5196 |   4998 |    198 |    321 |   3493 |   6 |  866.0 |
        Temple |     48 |     25 |     23 |      0 |      0 |   1 |   48.0 |
               +--------+--------+--------+--------+--------+-----+--------+

Top non-repeatable levels by time:
     D:4: 1546 daAuts
     D:2: 1093 daAuts
     D:1: 967 daAuts
     D:3: 622 daAuts
     D:5: 538 daAuts
     D:6: 427 daAuts
  Temple: 48 daAuts
